 Dungeon Crawl Stone Soup version 0.22-a0-86-g94e0ad4 (console) character file.

133 Evablue the Skirmisher (level 5, 0/49 HPs)
             Began as a Naga Fighter on Jan 20, 2018.
             Slain by Grinder (4 damage)
             ... on level 4 of the Dungeon.
             The game lasted 00:05:45 (2387 turns).

Evablue the Skirmisher (Naga Fighter)               Turns: 2387, Time: 00:05:45

Health: 0/49       AC:  5    Str: 16    XL:     5   Next: 16%
Magic:  5/5        EV:  5    Int:  8    God:    Xom [..*...]
Gold:   182        SH:  8    Dex: 11    Spells: 4/4 levels left

rFire    . . .     SeeInvis +   a - +0 flail
rCold    . . .     Gourm    .   c - +0 shield
rNeg     . . .     Faith    .   p - +0 scale mail
rPois    +         Spirit   .   (no helmet)
rElec    .         Reflect  .   (no cloak)
rCorr    .         Harm     .   (no gloves)
MR       .....                  (no barding)
Stlth    ..........             (no amulet)
HPRegen  0.16/turn              e - -3 ring of strength (curse)
MPRegen  0.09/turn              (no ring)

@: very slow
A: large, see invisible, deformed body, poison resistance, slowness 2, slow
metabolism 1, spit poison 1, AC +1
a: Spit Poison, Renounce Religion


You were on level 4 of the Dungeon.
You worshipped Xom.
You were a toy of Xom.
You were near starving.

You visited 1 branch of the dungeon, and saw 4 of its levels.

You collected 182 gold pieces.

Inventory:

Hand Weapons
 a - a +0 flail (weapon)
 b - a +1 hunting sling of flaming
Missiles
 q - 45 stones (quivered)
Armour
 c - a +0 shield (worn)
 p - a +0 scale mail (worn)
Jewellery
 e - a cursed -3 ring of strength (left hand)
 r - an uncursed ring of wizardry {unknown}
Wands
 o - a wand of random effects (25)
Scrolls
 g - 2 scrolls of remove curse {unknown}
 h - 2 scrolls of enchant weapon {unknown}
 i - 5 scrolls of identify {unknown}
 j - 3 scrolls of teleportation {unknown}
 k - 2 scrolls of amnesia {unknown}
 s - 2 scrolls of fear {unknown}
 t - a scroll of blinking {unknown}
Potions
 d - a potion of might
 l - a potion of heal wounds {unknown}
 m - a potion of ambrosia {unknown}
 n - 2 potions of agility {unknown}
Comestibles
 f - 11 rations


   Skills:
 + Level 3.4 Fighting
 + Level 3.1 Maces & Flails
 + Level 3.1 Armour
 + Level 0.7 Dodging
 + Level 3.1 Shields


You had 4 spell levels left.
You didn't know any spells.

Dungeon Overview and Level Annotations

Branches:
Dungeon (4/15)
 Temple: D:4-7

Altars:
Xom
Yredelemnul

Annotations:
D:4 Grinder


Innate Abilities, Weirdness & Mutations

You cannot wear boots.
Your serpentine skin is tough. (AC +1)
You have supernaturally acute eyesight. (SInv)
Armour fits poorly on your strangely shaped body.
Your system is resistant to poisons. (rPois)
You cover ground very slowly.
You have a slow metabolism.
You can spit poison.


Message History

Grinder is severely wounded.
Grinder hits you.
* * * LOW HITPOINT WARNING * * *
You writhe in agony.
* * * LOW HITPOINT WARNING * * *
You hit Grinder but do no damage.
Grinder is severely wounded.
You block Grinder's attack. Grinder gestures at you.
You resist with some effort.
Your shield and scale mail prevent you from hitting Grinder.
Grinder is severely wounded.
Grinder hits you but does no damage.
You hit Grinder.
Grinder is severely wounded.
Grinder hits you!
* * * LOW HITPOINT WARNING * * *
You writhe in agony.
You die...
Xom cackles wildly!

##### ....# ##
...# ... ...#... .
####........
#..###§§§§##.....
#.....§@5<.......
#......§##.#......
#...######.# .#.##
... ... # # ###.
.# #


You could see Grinder.

Vanquished Creatures
  4 adders
  3 oozes (D:1)
  A worm (D:2)
  A dart slug (D:3)
  3 leopard geckos
  4 orcs (D:3)
  11 bats
  4 giant cockroaches
  10 goblins
  7 hobgoblins
  2 quokkas (D:3)
  A ball python (D:3)
  3 frilled lizards
  10 kobolds
  6 rats
70 creatures vanquished.

Notes
Turn   | Place    | Note
-------+----------+-------------------------------------------
     0 | D:1      | Evablue the Naga Fighter began the quest for the Orb.
     0 | D:1      | Reached XP level 1. HP: 21/21 MP: 1/1
    47 | D:1      | Reached XP level 2. HP: 16/28 MP: 2/2
   336 | D:1      | Reached XP level 3. HP: 33/34 MP: 3/3
   986 | D:2      | Reached XP level 4. HP: 32/42 MP: 4/4
  1760 | D:3      | Found a shimmering altar of Xom.
  1784 | D:3      | Became a worshipper of Xom of Many Doors
  1900 | D:3      | Reached XP level 5. HP: 41/49 MP: 5/5
  1983 | D:3      | Found a basalt altar of Yredelemnul.
  2113 | D:3      | XOM: harmless Erth miscast
  2368 | D:4      | Noticed Grinder
  2379 | D:4      | Paralysed by Grinder for 3 turns
  2382 | D:4      | XOM: smoke on damage
  2387 | D:4      | Slain by Grinder

Vault maps used:
D:1:      dpeg_arrival_rooms_with_view, minmay_tree_intersection, minmay_unequal
D:3:      xom_butterflies, marbit_many_paths
D:4:      minmay_opposing_rooms, minmay_temple_entry_junction, serial_curves,
          eino_curves_04, eino_curves_01, uniq_grinder

Skill      XL: |  1  2  3  4 |
---------------+-------------+-----
Armour         | 3 |  3.1
Shields        | 3 |  3.1
Maces & Flails | 3 |  3.1
Fighting       | |  3.4
Dodging        | |  0.7

Action                   |  1- 3 |  4- 6 || total
-------------------------+-------+-------++-------
Melee: Flail             |   122 |   147 ||   269
 Fire: Hunting sling     |       |     2 ||     2
 Abil: Spit Poison       |       |     5 ||     5
  Eat: Chunk             |       |     3 ||     3
Armor: Scale mail        |    55 |    57 ||   112
Dodge: Dodged            |    37 |    28 ||    65
Block: Shield            |    69 |    80 ||   149

Table legend:
 A = Spawn XP
 B = Non-spawn XP
 C = Spawn XP percentage of total XP
 D = Spawn monster count
 E = Non-spawn monster count
 F = Spawn count percentage of total count
 G = Total turns spent on level
                    A         B        C        D         E        F      G
               +---------+---------+-------+---------+---------+-------+---------
         Total |       0 |     190 |   0.0 |       0 |      70 |   0.0 |  2387
               +---------+---------+-------+---------+---------+-------+---------
           D:1 |       0 |      48 |   0.0 |       0 |      20 |   0.0 |   721
           D:2 |       0 |      42 |   0.0 |       0 |      17 |   0.0 |   804
           D:3 |       0 |     100 |   0.0 |       0 |      33 |   0.0 |   843
               +---------+---------+-------+---------+---------+-------+---------
